 Dungeon Crawl Stone Soup version 0.28-a0-845-gfc338a8e3c (webtiles) character file.

Game seed: 15733054384889339678

88 ytrimaz the Chopper (level 4, -4/55 HPs)
             Began as a Demonspawn Berserker on Nov 12, 2021.
             Was a Believer of Trog.
             Slain by a river rat (7 damage)
             ... on level 3 of the Dungeon.
             The game lasted 00:01:40 (2142 turns).

ytrimaz the Chopper (Demonspawn Berserker)          Turns: 2142, Time: 00:01:41

Health: -4/55      AC:  4    Str: 19    XL:     4   Next: 30%
Magic:  4/4        EV: 12    Int:  8    God:    Trog [**....]
Gold:   91         SH:  0    Dex: 12    Spells: 3/3 levels left

rFire   + + .      SeeInvis .   a - +0 hand axe
rCold   + . .      Faith    .   (no shield)
rNeg    . . .      Spirit   .   g - +0 leather armour
rPois   .          Reflect  .   (helmet restricted)
rElec   .          Harm     .   d - scarf {rC+ rF+}
rCorr   .          Rampage  .   e - +0 pair of gloves
Will    .....                   (no boots)
Stlth   ..........              (no amulet)
HPRegen 0.18/turn               j - ring of protection from fire
MPRegen 0.09/turn               (no ring)

@: berserking, slow
A: horns 1, ignite blood 1, powered by pain 1
a: Renounce Religion, Berserk, Trog's Hand


You were on level 3 of the Dungeon.
You worshipped Trog.
Trog was pleased with you.
You visited 1 branch of the dungeon, and saw 3 of its levels.

You collected 91 gold pieces.

Inventory:

Hand Weapons
 a - a +0 hand axe (weapon)
Armour
 d - a scarf of resistance (worn)
 e - a +0 pair of gloves (worn)
 g - a +0 leather armour (worn)
Jewellery
 j - a ring of protection from fire (left hand)
Scrolls
 h - a scroll of amnesia {unknown}
 i - 2 scrolls of noise {unknown}
Potions
 b - a potion of might {unknown}
 c - a potion of invisibility {unknown}
 f - 5 potions of curing {unknown}


   Skills:
 + Level 3.7 Fighting
 + Level 3.8 Axes
 + Level 2.1 Armour
 + Level 2.0 Dodging


You had 3 spell levels left.
You didn't know any spells.
Your spell library was empty.

Dungeon Overview and Level Annotations

Branches:
Dungeon (3/15)

Altars:


Innate Abilities, Weirdness & Mutations

You have a pair of small horns on your head.
Your demonic aura sometimes causes spilled blood to erupt in flames.
You sometimes gain a little power by taking damage.


Message History

The river rat is moderately wounded.
The river rat bites you.
Your unstable footing causes you to fumble your attack.
The river rat misses you.
Your unstable footing causes you to fumble your attack.
The river rat barely misses you.
You hit the river rat but do no damage.
The river rat is moderately wounded.
The river rat barely misses you.
You closely miss the river rat.
You headbutt the river rat, but do no damage.
The river rat is moderately wounded.
The river rat bites you.
* * * LOW HITPOINT WARNING * * *
The river rat misses you.
You hit the river rat but do no damage.
The river rat is moderately wounded.
The river rat bites you but does no damage.
Unknown command.
A red film seems to cover your vision as you go berserk!
You feel yourself moving faster!
You feel mighty! The river rat bites you!
* * * LOW HITPOINT WARNING * * *
You completely miss the river rat. You headbutt the river rat.
The river rat is severely wounded.
Your unstable footing causes you to fumble your attack.
The river rat completely misses you.
You closely miss the river rat.
The river rat is severely wounded.
The river rat barely misses you.
Your unstable footing causes you to fumble your attack.
The river rat misses you.
Your unstable footing causes you to fumble your attack.
Your unstable footing causes you to fumble your attack.
The river rat bites you but does no damage.
Your unstable footing causes you to fumble your attack.
The river rat bites you!
* * * LOW HITPOINT WARNING * * *
Your unstable footing causes you to fumble your attack.
The river rat bites you!
You die...

# #..# #........# #.# # #..#
########## # #..# #
#..###### ####
#####..#....###########....<
.........................)#
######..#.###.####..###.#.
........#.# ###≈≈##'....#
######.##.# +≈≈≈@r≈#..###
...# #....# +≈≈≈≈≈≈#..# ##.#
###..# ###≈≈##+..# ##.# ##.#
#### ...# #.# #... .#### #.#
##. ## #.# #.# #.#


You could see a river rat.

Vanquished Creatures
  5 adders
  2 dart slugs
  4 endoplasms
  4 giant cockroaches
  A hobgoblin (D:1)
  5 jackals
  3 quokkas
  3 bats (D:1)
  3 frilled lizards
  A goblin (D:1)
  4 kobolds
  4 rats (D:1)
39 creatures vanquished.

Notes
Turn   | Place    | Note
-------+----------+-------------------------------------------
     0 | D:1      | ytrimaz the Demonspawn Berserker began the quest for the
                  | Orb.
     0 | D:1      | Reached XP level 1. HP: 18/18 MP: 1/1
   287 | D:1      | Gained mutation: You sometimes gain a little power by
                  | taking damage. [demonic ancestry]
   287 | D:1      | Reached XP level 2. HP: 23/24 MP: 2/2
   542 | D:1      | Found a faded altar of an unknown god.
  1143 | D:2      | Gained mutation: You have a pair of small horns on your
                  | head. [demonic ancestry]
  1143 | D:2      | Reached XP level 3. HP: 28/29 MP: 3/3
  1244 | D:2      | Reached ** piety under Trog
  1485 | D:2      | Gained mutation: Your demonic aura sometimes causes spilled
                  | blood to erupt in flames. [demonic ancestry]
  1485 | D:2      | Reached XP level 4. HP: 28/37 MP: 4/4
  2142 | D:3      | Slain by a river rat

Illustrated notes

Levels and vault maps discovered:
D:1:      co_arrival_square_in_a_square_in_a_square, layout_basic,
          hellmonk_ecumenical_altar_run_dry
D:2:      layout_loops_ring, minmay_tall_x
D:3:      layout_loops_ring, mainiacjoe_overflow_surrounded_room,
          nicolae_uskayaw_dance_hall, gup_sewer_entry_bowl

Skill      XL: |  1  2  3 |
---------------+----------+-----
Axes           | 3 |  3.8
Armour         | 2 |  2.1
Dodging        | 2 |  2.0
Fighting       | |  3.7

Action                   |  1- 3 |  4- 6 || total
-------------------------+-------+-------++-------
Melee: Hand axe          |    89 |    37 ||   126
       Headbutt          |     2 |     8 ||    10
Invok: Berserk           |       |     1 ||     1
  Use: Scroll            |     3 |     1 ||     4
Armor: Animal skin       |     7 |       ||     7
       Leather armour    |    16 |     9 ||    25
Dodge: Dodged            |    61 |    16 ||    77

Table legend: (Time is in decaauts)
 A = Elapsed time spent in this place.
 B = Non-inter-level travel time spent in this place.
 C = Inter-level travel time spent in this place.
 D = Time resting spent in this place.
 E = Time spent auto-exploring this place.
 F = Levels seen in this place.
 G = Mean time per level.
                   A        B        C        D        E       F      G
               +--------+--------+--------+--------+--------+-----+--------+
         Total |   2157 |   2093 |     64 |    111 |   1667 |   3 |  719.0 |
       Dungeon |   2157 |   2093 |     64 |    111 |   1667 |   3 |  719.0 |
               +--------+--------+--------+--------+--------+-----+--------+

Top non-repeatable levels by time:
     D:1: 1026 daAuts
     D:2: 863 daAuts
     D:3: 268 daAuts
